 Dungeon Sprint DCSS version 0.27.1 (webtiles) character file.

Game seed: 14498071123575937168

795 styxcanada the Unseen (level 7, -13/38 HPs)
             Began as a Spriggan Brigand on Aug 28, 2021.
             Was an Initiate of Gozag.
             Killed from afar by a burning bush (15 damage)
             ... with a puff of flame
             ... in the Dungeon (Sprint IV: "Fedhas' Mad Dash").
             The game lasted 00:05:01 (1140 turns).

styxcanada the Unseen (Spriggan Brigand)            Turns: 1140, Time: 00:05:01

Health: -13/38     AC:  3    Str:  7    XL:     7   Next: 58%
Magic:  15/15      EV: 21    Int: 13    God:    Gozag
Gold:   7          SH:  0    Dex: 18    Spells: 16/16 levels left

rFire    . . .     SeeInvis +   m - +1 dagger (venom)
rCold    . . .     Faith    .   (shield restricted)
rNeg     . . .     Spirit   .   b - +0 robe
rPois    .         Reflect  .   (helmet restricted)
rElec    .         Harm     .   c - +0 cloak
rCorr    .         Rampage  .   (gloves unavailable)
Will     +....     NoTele   +   (boots unavailable)
Stlth    +++++++...             j - amulet of invisibility {+Inv}
HPRegen  0.12/turn              (no ring)
MPRegen  0.14/turn              (no ring)

@: very slightly contaminated, invisible, very quick
A: very small, no large weapons, unfitting armour, see invisible, speed 3
a: Renounce Religion, Evoke Invisibility, Potion Petition, Call Merchant, Bribe
Branch


You were in the Dungeon.
You worshipped Gozag.
Gozag was noncommittal.
You visited 1 branch You collected 375 gold pieces.
You spent 368 gold pieces at shops.

Inventory:

Hand Weapons
 a - a +2 dagger
 m - a +1 dagger of venom (weapon)
Missiles
 d - 8 poisoned darts (quivered)
 e - 2 curare-tipped darts
 n - 8 atropa-tipped darts
Armour
 b - a +0 robe (worn)
 c - a +0 cloak (worn)
Jewellery
 j - the amulet of invisibility (around neck) {+Inv}
   (You found it in the Dungeon)

   [amulet of nothing]

   +Inv:      It lets you turn invisible.
Wands
 l - a wand of paralysis (12)
 o - a wand of flame (30)
Scrolls
 k - a scroll of blinking
Potions
 f - a potion of curing
 g - a potion of heal wounds
 h - a potion of haste
 i - 2 potions of magic


   Skills:
 * Level 4.5 Fighting
 + Level 4.3 Short Blades
 + Level 3.3 Throwing
 * Level 7.0 Dodging
 * Level 18.7 Stealth
 * Level 5.2 Spellcasting
 * Level 5.7 Evocations


You had 16 spell levels left.
You didn't know any spells.
Your spell library contained the following spells:

 Spells                   Type           Power      Damage    Failure   Level
 Sting                    Tmut/Pois      12%        1d3       19%         1
 Poisonous Vapours        Pois/Air       6%         N/A       28%         2
 Ozocubu's Armour         Ice            3%         N/A       50%         3
 Olgreb's Toxic Radiance  Pois           3%         N/A       88%         4
 Metabolic Englaciation   Hex/Ice        1%         N/A       99%         5
 Simulacrum               Ice/Necr       1%         N/A       100%        6


Dungeon Overview and Level Annotations

Branches:
Dungeon (1/1)

Altars:
Cheibriados
Dithmenos
Elyvilon
Gozag
Hepliaklqana
Kikubaaqudgha
Makhleb
Nemelex Xobeh
Okawaru
Qazlal
Ru
Sif Muna
Trog
Uskayaw
Vehumet
Wu Jian
Xom
Yredelemnul
Zin
The Shining One
Beogh
Jiyva
Lugonu

Shops:
D *:


Innate Abilities, Weirdness & Mutations

You are very small and have problems with some larger weapons.
You are too small for most types of armour.
You have supernaturally acute eyesight. (SInv)
You cover ground extremely quickly. (Speed+++)


Message History

You hit the burning bush but do no damage.
The burning bush throws fire at you. The puff of flame misses you.
You hit the burning bush.
The burning bush is lightly damaged.
You hit the burning bush.
The burning bush is lightly damaged.
The burning bush throws fire at you. The puff of flame hits you!
You hit the burning bush but do no damage.
The burning bush is poisoned.
The burning bush is lightly damaged.
You hit the burning bush but do no damage.
The burning bush is lightly damaged.
The burning bush throws fire at you. The puff of flame hits you!
You hit the burning bush but do no damage.
The burning bush looks as sick as possible!
The burning bush is lightly damaged.
The burning bush throws fire at you. The puff of flame misses you.
You hit the burning bush.
The burning bush is moderately damaged.
You hit the burning bush.
The burning bush is heavily damaged.
The burning bush throws fire at you. The puff of flame misses you.
You hit the burning bush but do no damage.
The burning bush is heavily damaged.
You hit the burning bush but do no damage.
The burning bush is heavily damaged.
The burning bush throws fire at you. The puff of flame hits you!
* * * LOW HITPOINT WARNING * * *
You hit the burning bush but do no damage.
The burning bush is heavily damaged.
The burning bush throws fire at you. The puff of flame hits you!
You die...
Your body crumbles into a pile of gold.

###################
_._.⌠.#..'.[)#.$..#
._._..'..#...#.$@P+$
_._...#..###'##...#
$$
._._..#..##∩∩.'..$#
_._.⌠.#############
####### $ $


You could see a burning bush (very poisoned).

Vanquished Creatures
  2 wandering mushrooms (D)
  3 scorpions (D)
  3 oklob saplings (D)
  2 spriggans (D)
  A river rat (D)
  A rat (D)
12 creatures vanquished.

Notes
Turn   | Place    | Note
-------+----------+-------------------------------------------
     0 | D        | styxcanada the Spriggan Brigand began the quest for the
                  | Orb.
     0 | D        | Reached XP level 1. HP: 10/10 MP: 2/2
     9 | D        | Reached skill level 8 in Stealth
     9 | D        | Reached XP level 2. HP: 15/15 MP: 3/3
    12 | D        | Noticed an oklob sapling
    16 | D        | Killed an oklob sapling
    17 | D        | Reached skill level 10 in Stealth
    17 | D        | Reached XP level 3. HP: 19/19 MP: 4/4
    56 | D        | Noticed a scorpion
    56 | D        | Found the amulet of invisibility {+Inv}
    58 | D        | Killed a scorpion
    59 | D        | Reached skill level 12 in Stealth
    59 | D        | Reached XP level 4. HP: 23/23 MP: 5/5
    89 | D        | Found an opulent altar of Gozag.
    89 | D        | Found a hazy altar of Hepliaklqana.
    89 | D        | Found a burning altar of Makhleb.
    89 | D        | Found a sparkling altar of Nemelex Xobeh.
    89 | D        | Found a sacrificial altar of Ru.
    89 | D        | Found a shimmering blue altar of Sif Muna.
    89 | D        | Found an ornate altar of the Wu Jian Council.
    89 | D        | Found a shimmering altar of Xom.
    89 | D        | Found a basalt altar of Yredelemnul.
    90 | D        | Found a viscous altar of Jiyva.
    90 | D        | Found a snail-covered altar of Cheibriados.
    90 | D        | Found a bloodstained altar of Trog.
    91 | D        | Found an iron altar of Okawaru.
    91 | D        | Found a shadowy altar of Dithmenos.
    91 | D        | Found a glowing silver altar of Zin.
    92 | D        | Found an ancient bone altar of Kikubaaqudgha.
    92 | D        | Found a hide-covered altar of Uskayaw.
    93 | D        | Found a stormy altar of Qazlal.
    93 | D        | Found a white marble altar of Elyvilon.
    93 | D        | Found a glowing golden altar of the Shining One.
    94 | D        | Became a worshipper of Gozag Ym Sagoz the Greedy
    95 | D        | Found a corrupted altar of Lugonu.
    95 | D        | Found a radiant altar of Vehumet.
    99 | D        | Reached skill level 13 in Stealth
    99 | D        | Reached skill level 1 in Spellcasting
    99 | D        | Reached skill level 1 in Evocations
    99 | D        | Reached XP level 5. HP: 28/28 MP: 3/8
   111 | D        | Reached skill level 14 in Stealth
   160 | D        | Reached skill level 5 in Dodging
   161 | D        | Reached skill level 15 in Stealth
   161 | D        | Reached XP level 6. HP: 32/32 MP: 7/11
   209 | D        | Found Jegeism's Book Shop.
   209 | D        | Found Hol Beke's General Store.
   215 | D        | Bought 8 atropa-tipped darts for 48 gold pieces
   215 | D        | Bought a wand of flame (14) for 80 gold pieces
   216 | D        | Bought a Young Poisoner's Handbook for 240 gold pieces
   219 | D        | Noticed a burning bush
   219 | D        | Noticed a wandering mushroom
   220 | D        | Noticed a wandering mushroom
   224 | D        | Killed a wandering mushroom
   225 | D        | Reached skill level 17 in Stealth
   225 | D        | Reached XP level 7. HP: 17/37 MP: 9/14
   225 | D        | Killed a wandering mushroom
   226 | D        | Reached skill level 18 in Stealth
   226 | D        | Reached skill level 5 in Spellcasting
   226 | D        | Reached skill level 5 in Evocations
  1139 | D        | HP: 1/38 [burning bush/puff of flame (12)]
  1140 | D        | Killed from afar by a burning bush

Illustrated notes

Levels and vault maps discovered:
D:        dungeon_sprint_fedhas [sprint_temple]

Skill      XL: |  1  2  3  4  5  6  7 |
---------------+----------------------+-----
Fighting       | 2 3 4 |  4.5
Dodging        | 2 3 4 5 6 7 |  7.0
Stealth        | 8 10 12 13 15 17 18 | 18.7
Short Blades   | 3 4 |  4.3
Spellcasting   | 1 2 4 5 |  5.2
Evocations     | 1 3 4 5 |  5.7
Throwing       | 3 |  3.3

Action                   |  1- 3 |  4- 6 |  7- 9 || total
-------------------------+-------+-------+-------++-------
Melee: Dagger            |     5 |     7 |    36 ||    48
 Abil: Evoke Invisibilit |       |     3 |     3 ||     6
  Use: Potion            |     1 |       |       ||     1
       Scroll            |       |       |     1 ||     1
 Stab: Sleeping          |     3 |     6 |     2 ||    11
Dodge: Dodged            |       |       |     5 ||     5
